 Dungeon Sprint DCSS version 0.17-a0-1184-gb75be8f (webtiles) character file.

144 Kidiri the Reanimator (level 5, -5/28 HPs)
             Began as a Deep Elf Necromancer on June 1, 2015.
             Killed from afar by a wizard (19 damage)
             ... with a crystal spear
             ... in the Dungeon (Sprint III: "The Ten Rune Challenge").
             The game lasted 00:05:11 (702 turns).

Kidiri the Reanimator (Deep Elf Necromancer)         Turns: 702, Time: 00:05:11

Health: -5/28      AC:  6    Str:  5    XL:     5   Next: 5%
Magic:  15/17      EV: 15    Int: 21    God:
Gold:   33         SH:  0    Dex: 15    Spells: 6 memorised, 3 levels left

rFire  . . .     SeeInvis .     k - +2 quarterstaff (chaos)
rCold  . . .     Clarity  .     a - +0 robe
rNeg   . . .     SustAt   .     (no shield)
rPois  .         Gourm    .     (no helmet)
rElec  .         Spirit   .     l - +2 cloak
rCorr  .         Warding  .     (no gloves)
rMut   .         NoTele   +     (no boots)
MR     .....                    (no amulet)
Stlth  ++++......               (no ring)
                                (no ring)

@: not resistant to hostile enchantments, stealthy
A: hooves 1, molten scales 1, camouflage 1, screaming 1, wild magic 1
a: no special abilities


You were in the Dungeon.
You were not hungry.

You visited 1 branch You collected 33 gold pieces.

Inventory:

Hand weapons
 k - a +2 quarterstaff of chaos (weapon)
Armour
 a - a +0 robe (worn)
 l - a +2 cloak (worn)
Scrolls
 i - 2 scrolls of blinking
 n - a scroll of immolation {unknown}
 o - 5 scrolls of identify
 r - a scroll of holy word {unknown}
Potions
 d - a potion of curing
 e - 2 potions of heal wounds
 f - a potion of haste
 g - 2 potions of magic
 q - 2 potions of flight
 s - 2 potions of cure mutation
 t - a potion of experience {unknown}
Books
 b - a book of Necromancy

   Spells                             Type                      Level
   a - Pain                           Necromancy                   1
   b - Animate Skeleton               Necromancy                   1
   c - Vampiric Draining              Necromancy                   3
   d - Regeneration                   Charms/Necromancy            3
   e - Animate Dead                   Necromancy                   4
   f - Control Undead                 Necromancy                   4
Comestibles
 c - a bread ration
 j - a chunk of flesh
 p - 2 royal jellies


   Skills:
 + Level 5.3 Dodging
 + Level 5.6 Stealth
 * Level 7.7 Spellcasting
 + Level 4.0 Charms
 * Level 8.2 Necromancy


You had 3 spell levels left.
You knew the following spells:

 Your Spells              Type           Power        Failure   Level  Hunger
a - Pain                  Necr           ####         2%          1    None
b - Animate Skeleton      Necr           N/A          2%          1    None
c - Vampiric Draining     Necr           ######....   3%          3    None
d - Regeneration          Chrm/Necr      ######....   5%          3    None
e - Animate Dead          Necr           N/A          7%          4    ###....
f - Control Undead        Necr           ######....   7%          4    ###....


Dungeon Overview and Level Annotations

Branches:
Dungeon (1/1)

Altars:
Kikubaaqudgha
Sif Muna
Vehumet


Innate Abilities, Weirdness & Mutations

You have large cloven feet.
You are partially covered in molten scales (AC +1).
Your skin changes colour to match your surroundings (Stealth).
You occasionally shout uncontrollably at your foes.
Your spells are a little harder to cast, but a little more powerful.


Message History

Confirm with . or Enter, or press ? or * to list all spells.
Aiming: Pain
Press: ? - help, Shift-Dir - straight line, f - kobold demonologist
Aim: a kobold demonologist, wielding a dagger and wearing a robe (chance to defeat MR: 71%)
The kobold demonologist struggles to resist.
The iron imp hits you but does no damage.
The iron imp closely misses you.
Something hits the wizard but does no damage.
The wizard barely misses you. The kobold demonologist misses you.
Casting: Pain
Confirm with . or Enter, or press ? or * to list all spells.
Aiming: Pain
Press: ? - help, Shift-Dir - straight line, f/p - kobold demonologist
Aim: a kobold demonologist, wielding a dagger and wearing a robe (chance to defeat MR: 71%)
The kobold demonologist convulses in agony!
The iron imp hits you! The iron imp hits you.
The wizard points at you and mumbles some strange words.
The crystal spear hits you!
Ouch! That really hurt!
You die...

#.......#..#..#
##.##...#..#..###+#+###
##.###..##'#..#........
###.##..###...'.⌠......
#..##..####...#...####
...##..###....#.⌠.#
..##...##.....#...#
.##....#......#p###
###..##[#.....#5@K# #
#..#####....#5__# ▓
▓▓▓▓ ▓▓▓▓▓▓▓▓▓▓


You could see a wizard, a kobold demonologist and 2 iron imps.

Vanquished Creatures
  Crazy Yiuf (D)
  Jessica (D)
  A human (D)
  2 oozes (D)
  A rat (D)
6 creatures vanquished.

Vanquished Creatures (collateral kills)
  A water elemental (D)
1 creature vanquished.

Vanquished Creatures (others)
  2 draconian scorchers (D)
  A yaktaur (D)
  3 plants (D)
6 creatures vanquished.

Grand Total: 13 creatures vanquished

Notes
Turn   | Place    | Note
--------------------------------------------------------------
     0 | D        | Kidiri the Deep Elf Necromancer began the quest for the Orb.
     0 | D        | Reached XP level 1. HP: 10/10 MP: 6/6
    14 | D        | Reached skill level 5 in Necromancy
    35 | D        | Killed a yaktaur
   179 | D        | Killed a white draconian scorcher
   212 | D        | Learned a level 1 spell: Animate Skeleton
   214 | D        | Reached XP level 2. HP: 13/15 MP: 6/9
   231 | D        | Killed a white draconian scorcher
   293 | D        | Noticed Jessica
   301 | D        | Killed Jessica
   301 | D        | Reached skill level 5 in Spellcasting
   301 | D        | Reached skill level 6 in Necromancy
   301 | D        | Reached XP level 3. HP: 15/19 MP: 4/12
   309 | D        | Learned a level 3 spell: Vampiric Draining
   313 | D        | Learned a level 3 spell: Regeneration
   386 | D        | Your ally Jessica died
   391 | D        | Reached skill level 1 in Charms
   548 | D        | Noticed Crazy Yiuf
   554 | D        | Killed Crazy Yiuf
   554 | D        | Reached skill level 7 in Necromancy
   554 | D        | Reached XP level 4. HP: 21/24 MP: 4/14
   580 | D        | Gained mutation: You have large cloven feet. [potion of mutation]
   580 | D        | Gained mutation: You occasionally shout uncontrollably at your foes. [potion of mutation]
   580 | D        | Gained mutation: Your spells are a little harder to cast, but a little more powerful. [potion of mutation]
   581 | D        | Gained mutation: Your skin changes colour to match your surroundings (Stealth). [potion of mutation]
   581 | D        | Gained mutation: You are partially covered in molten scales (AC +1). [potion of mutation]
   634 | D        | Learned a level 4 spell: Animate Dead
   639 | D        | Learned a level 4 spell: Control Undead
   639 | D        | Noticed a water elemental
   646 | D        | Killed a water elemental
   646 | D        | Reached skill level 5 in Dodging
   646 | D        | Reached skill level 5 in Stealth
   646 | D        | Reached skill level 8 in Necromancy
   646 | D        | Reached XP level 5. HP: 28/28 MP: 15/17
   698 | D        | Found a radiant altar of Vehumet.
   698 | D        | Found a deep blue altar of Sif Muna.
   698 | D        | Found an ancient bone altar of Kikubaaqudgha.
   698 | D        | Noticed a wizard
   702 | D        | Killed from afar by a wizard

Vault maps used:
D:        dungeon_sprint_mu

Action                   |  1- 3 |  4- 6 || total
-------------------------+-------+-------++-------
Melee: Unarmed           |     1 |       ||     1
       Quarterstaff      |       |     3 ||     3
 Cast: Pain              |    21 |     4 ||    25
       Animate Skeleton  |     2 |     1 ||     3
       Vampiric Draining |     1 |       ||     1
  Use: Potion            |       |     3 ||     3
